 Dungeon Sprint DCSS version 0.27-a0-1256-gced786f65e (webtiles) character file.

Game seed: 11883385165448808883

79 rocky1 the Slasher (level 4, -4/42 HPs)
             Began as a Naga Fighter on June 11, 2021.
             Was a Believer of Cheibriados.
             Slain by a two-headed ogre
             ... wielding a +0 giant spiked club
              (16 damage)
             ... in the Dungeon (Sprint IX: "|||||||||||||||||||||||||||||").
             The game lasted 00:02:32 (454 turns).

rocky1 the Slasher (Naga Fighter)                    Turns: 454, Time: 00:02:33

Health: -4/42      AC: 14    Str: 24    XL:     4   Next: 37%
Magic:  4/4        EV:  3    Int: 12    God:    Cheibriados [**....]
Gold:   0          SH: 11    Dex: 17    Spells: 3/3 levels left

rFire    . . .     SeeInvis +   n - +2 scimitar (holy)
rCold    . . .     Faith    .   c - +0 kite shield
rNeg     . . .     Spirit   .   q - +1 chain mail
rPois    +         Reflect  .   (no helmet)
rElec    .         Harm     .   p - +0 cloak
rCorr    .         Rampage  .   (no gloves)
Will     .....     NoTele   +   a - +0 barding
Stlth    ..........             (no amulet)
HPRegen  0.14/turn              s - +2 ring of protection
MPRegen  0.09/turn              r - +3 ring of dexterity

@: very slow
A: AC +1, large, see invisible, deformed body, poison resistance, slowness 2,
spit poison 1, naga tail 1
a: Spit Poison, Renounce Religion, Bend Time


You were in the Dungeon.
You worshipped Cheibriados.
Cheibriados was pleased with you.
You visited 1 branch

Inventory:

Hand Weapons
 n - a +2 scimitar of holy wrath (weapon)
 o - a +3 vorpal war axe
Armour
 a - a +0 barding (worn)
 b - a +0 scale mail
 c - a +0 kite shield (worn)
 p - a +0 cloak (worn)
 q - a +1 chain mail (worn)
Jewellery
 r - a +3 ring of dexterity (right hand)
 s - a +2 ring of protection (left hand)
Wands
 m - a wand of acid (7)
Scrolls
 j - 2 scrolls of blinking
 l - 2 scrolls of amnesia
Potions
 d - a potion of might
 e - 4 potions of curing
 g - a potion of haste
 h - 4 potions of magic
 i - a potion of berserk rage
 k - a potion of invisibility


   Skills:
 + Level 3.2 Fighting
 + Level 5.5 Long Blades
 + Level 2.7 Armour
 + Level 0.7 Dodging
 + Level 1.6 Stealth
 + Level 5.0 Shields
 + Level 1.0 Invocations
 + Level 1.0 Evocations


You had 3 spell levels left.
You didn't know any spells.
Your spell library was empty.

Dungeon Overview and Level Annotations

Branches:
Dungeon (1/1)

Altars:
Cheibriados
Dithmenos
Elyvilon
Fedhas
Gozag
Hepliaklqana
Kikubaaqudgha
Makhleb
Nemelex Xobeh
Okawaru
Qazlal
Ru
Sif Muna
Trog
Uskayaw
Vehumet
Wu Jian
Xom
Yredelemnul
Zin
The Shining One
Beogh
Jiyva
Lugonu


Innate Abilities, Weirdness & Mutations

Your serpentine skin is tough. (AC +1)
You have supernaturally acute eyesight. (SInv)
Armour fits poorly on your strangely shaped body.
Your system is resistant to poisons. (rPois)
You cover ground very slowly.
You can spit poison.
You have a snake-like lower body.


Message History

Unknown command.
Aiming: Corrosive Bolt
Press: ? - help, Shift-Dir - straight line, f/p - troll
Aim: a troll (71% to hit)
The bolt of acid hits the two-headed ogre!
The two-headed ogre is splashed with acid!
The two-headed ogre seems to be corroded for longer.
The two-headed ogre is heavily wounded.
The bolt of acid hits the troll!
The troll is splashed with acid.
The troll is heavily wounded.
The bolt of acid hits the wraith!
The wraith is splashed with acid!
The wraith seems to be corroded for longer.
The wraith is almost destroyed.
The bolt of acid hits the yak!
The yak is splashed with acid.
The yak is almost dead.
The two-headed ogre barely misses you.
The two-headed ogre hits you with a +0 giant club!
* * * LOW HITPOINT WARNING * * *
Unknown command.
Aiming: Corrosive Bolt
Press: ? - help, Shift-Dir - straight line, f/p - troll
Aim: a troll (heavily wounded, 71% to hit)
The bolt of acid hits the two-headed ogre!
The two-headed ogre is splashed with acid.
The two-headed ogre seems to be corroded for longer.
The two-headed ogre is severely wounded.
The bolt of acid hits the troll.
The troll is splashed with acid!
The troll is severely wounded.
The bolt of acid hits the wraith!
The wraith is splashed with acid.
The wraith seems to be corroded for longer.
You destroy the wraith!
Cheibriados appreciates the change of pace.
The bolt of acid hits the yak!
The yak is splashed with acid.
The yak seems to be corroded for longer.
You kill the yak!
Cheibriados thoroughly appreciates the change of pace.
Cheibriados raises the support of your attributes as your movement slows. x2
The two-headed ogre hits you but does no damage.
The two-headed ogre hits you with a +0 giant club!
You die... ▓▓▓▓▓▓▓▓▓▓▓▓▓▓▓▓▓▓▓▓▓▓▓▓ ...†.TO@.....)..'_______ ▓▓▓▓▓▓▓▓▓▓▓▓▓▓▓▓▓▓▓▓▓▓▓▓

You could see a two-headed ogre (corroded) and a troll.

Vanquished Creatures
  A yak (D)
  A wraith (D)
  A jelly (D)
  An orc wizard (D)
  An adder (D)
  A shadow imp (D)
  A bat zombie (D)
  An endoplasm (D)
  A goblin (D)
  A kobold (D)
  A ball python skeleton (D)
  A frilled lizard (D)
  A jackal skeleton (D)
  A rat (D)
14 creatures vanquished.

Notes
Turn   | Place    | Note
-------+----------+-------------------------------------------
     0 | D        | rocky1 the Naga Fighter began the quest for the Orb.
     0 | D        | Reached XP level 1. HP: 21/21 MP: 1/1
    86 | D        | Noticed a jelly
    94 | D        | Reached XP level 2. HP: 24/28 MP: 2/2
    97 | D        | Reached skill level 5 in Long Blades
    97 | D        | Reached XP level 3. HP: 7/34 MP: 3/3
   369 | D        | Found a snail-covered altar of Cheibriados.
   369 | D        | Found a shadowy altar of Dithmenos.
   369 | D        | Found a white marble altar of Elyvilon.
   369 | D        | Found a blossoming altar of Fedhas.
   369 | D        | Found an opulent altar of Gozag.
   370 | D        | Found a hazy altar of Hepliaklqana.
   371 | D        | Found a viscous altar of Jiyva.
   372 | D        | Found an ancient bone altar of Kikubaaqudgha.
   373 | D        | Became a worshipper of Cheibriados the Contemplative
   374 | D        | Found a corrupted altar of Lugonu.
   375 | D        | Found a burning altar of Makhleb.
   376 | D        | Found a sparkling altar of Nemelex Xobeh.
   377 | D        | Found an iron altar of Okawaru.
   378 | D        | Found a stormy altar of Qazlal.
   379 | D        | Found a sacrificial altar of Ru.
   380 | D        | Found a shimmering blue altar of Sif Muna.
   381 | D        | Found a bloodstained altar of Trog.
   382 | D        | Found a hide-covered altar of Uskayaw.
   383 | D        | Found a radiant altar of Vehumet.
   384 | D        | Found an ornate altar of the Wu Jian Council.
   385 | D        | Found a shimmering altar of Xom.
   386 | D        | Found a basalt altar of Yredelemnul.
   387 | D        | Found a glowing silver altar of Zin.
   388 | D        | Found a glowing golden altar of the Shining One.
   442 | D        | Noticed a yak
   442 | D        | Noticed a wraith
   442 | D        | Noticed a troll
   442 | D        | Noticed a two-headed ogre
   448 | D        | Reached skill level 1 in Stealth
   448 | D        | Reached skill level 5 in Shields
   448 | D        | Reached skill level 1 in Invocations
   448 | D        | Reached XP level 4. HP: 11/42 MP: 4/4
   449 | D        | Reached * piety under Cheibriados
   450 | D        | Reached skill level 1 in Evocations
   450 | D        | HP: 2/42 [two-headed ogre/+0 giant spiked club (11)]
   454 | D        | Killed a wraith
   454 | D        | Killed a yak
   454 | D        | Reached ** piety under Cheibriados
   454 | D        | Slain by a two-headed ogre

Illustrated notes

Levels and vault maps discovered:
D:        linesprint [early_d, line_temple, items_1, d_10, items_2, lair_1,
          lair_end, items_3, orc_1, orc_end, items_4, d_15, swamp_1, shoals_1,
          snake_1, spider_1, d_20, vaults_1, items_5, swamp_end, shoals_end,
          snake_end, spider_end, vaults_end, d_27, items_6, zot_1, zot_end,
          crypt_end, forest_end, elf_end, slime_end, tomb_end, abyss_end,
          pan_hell_end]

Skill      XL: |  1  2  3  4 |
---------------+-------------+-----
Long Blades    | 3 5 |  5.5
Shields        | 3 4 5 |  5.0
Stealth        | 1 |  1.6
Invocations    | 1 |  1.0
Evocations     | 1 |  1.0
Fighting       | |  3.2
Armour         | |  2.7
Dodging        | |  0.7

Action                   |  1- 3 |  4- 6 || total
-------------------------+-------+-------++-------
Melee: Long sword        |    28 |       ||    28
       Scimitar          |     5 |       ||     5
 Abil: Spit Poison       |     1 |       ||     1
Evoke: Wand              |       |     3 ||     3
  Use: Potion            |       |     4 ||     4
Armor: Scale mail        |     7 |       ||     7
       Chain mail        |       |     2 ||     2
Dodge: Dodged            |     5 |     1 ||     6
Block: Kite shield       |    14 |       ||    14
       Rpst.: Long sword |     2 |       ||     2

Table legend: (Time is in decaauts)
 A = Elapsed time spent in this place.
 B = Non-inter-level travel time spent in this place.
 C = Inter-level travel time spent in this place.
 D = Time resting spent in this place.
 E = Time spent auto-exploring this place.
 F = Levels seen in this place.
 G = Mean time per level.
                   A        B        C        D        E       F      G
               +--------+--------+--------+--------+--------+-----+--------+
         Total |    497 |    497 |      0 |    321 |      0 |   1 |  497.0 |
       Dungeon |    497 |    497 |      0 |    321 |      0 |   1 |  497.0 |
               +--------+--------+--------+--------+--------+-----+--------+

Top non-repeatable levels by time:
       D: 497 daAuts
